 Dungeon Crawl Stone Soup version 0.31.0-32-g396128a36d (webtiles) character file.

Game seed: 10488801678702024469

4133 monsoonserge the Carver (level 10, -17/68 HPs)
             Began as an Octopode Shapeshifter on Apr 9, 2024.
             Was an Initiate of Gozag.
             Demolished by a two-headed ogre
             ... wielding a +0 dire flail
              (19 damage)
             ... on level 9 of the Dungeon.
             The game lasted 00:19:32 (7647 turns).

monsoonserge the Carver (Octopode Shapeshifter)     Turns: 7647, Time: 00:19:33

Health: -17/68     AC:  1    Str: 15    XL:     10   Next: 27%
Magic:  10/10      EV: 17    Int: 11    God:    Gozag
Gold:   778        SH:  0    Dex: 19    Spells: 9/9 levels left

rFire   . . .        o - +10 long sword "Meurom" {drain, rElec rPois Int-2 Dex+5}
rCold   . . .        (no shield)
rNeg    + . .        (helmet currently unavailable)
rPois   +            N - amulet of the acrobat
rElec   +            P - ring of positive energy
rCorr   +            Q - ring of resist corrosion
SInv    .            (no ring)
Will    .....        (no ring)
Stlth   +++++        (no ring)
HPRegen 0.31/turn    (no ring)
MPRegen 0.12/turn    (no ring)
                     (no ring)

%: acrobat
@: beast-form
A: beast (slay +2), almost no armour, amphibious, 8 rings, camouflage 1,
gelatinous body 1, (nimble swimmer 1), tentacles
a: Begin Untransformation, Renounce Religion, Potion Petition, Call Merchant,
Bribe Branch


You were on level 9 of the Dungeon.
You worshipped Gozag.
Gozag was pleased with you.
You were a hulking beast.
You visited 2 branches of the dungeon, and saw 10 of its levels.
You also visited: Sewer.

You collected 992 gold pieces.
You spent 116 gold pieces at shops.
You paid 98 gold pieces to Gozag.

Inventory:

Hand Weapons
 o - the +10 long sword "Meurom" (weapon) {drain, rElec rPois Int-2 Dex+5}
   (You found it on level 3 of the Dungeon)

   Int-2:     It affects your intelligence (-2).
   Dex+5:     It affects your dexterity (+5).
   rElec:     It insulates you from electricity.
   rPois:     It protects you from poison
 R - the +5 glaive of the Guard {elec, spectral}
   (You found it on level 8 of the Dungeon)
Missiles
 p - 2 boomerangs
 s - 5 curare-tipped darts
 E - 21 poisoned darts (quivered)
Jewellery
 n - a ring of ice
 N - an amulet of the acrobat (around mantle)
 P - a ring of positive energy (left tentacle)
 Q - a ring of resist corrosion (right tentacle)
Talismans
 b - a beast talisman
 c - a flux talisman
 g - a blade talisman
 w - a maw talisman
 C - a talisman of death
Wands
 l - a wand of paralysis (12)
 y - a wand of roots (9)
 B - a wand of flame (54)
Scrolls
 d - 7 scrolls of enchant armour {unknown}
 e - a scroll of fog {unknown}
 f - 3 scrolls of fear {unknown}
 j - 4 scrolls of teleportation {unknown}
 u - 2 scrolls of immolation {unknown}
 v - 5 scrolls of identify {unknown}
 x - 2 scrolls of poison {unknown}
 A - a scroll of noise {unknown}
 D - 2 scrolls of revelation {unknown}
 F - a scroll of amnesia {unknown}
 G - a scroll of vulnerability {unknown}
 J - a scroll of torment {unknown}
 M - a scroll of summoning {unknown}
 O - 2 scrolls of enchant weapon {unknown}
Potions
 a - 4 potions of lignification
 h - a potion of invisibility {unknown}
 i - 2 potions of might {unknown}
 k - 2 potions of enlightenment {unknown}
 m - 2 potions of haste {unknown}
 q - 2 potions of degeneration {unknown}
 r - 4 potions of curing {unknown}
 t - a potion of ambrosia {unknown}
 z - a potion of cancellation {unknown}
 H - a potion of mutation {unknown}
 I - 2 potions of heal wounds {unknown}
 K - 2 potions of attraction {unknown}
 L - a potion of magic {unknown}


   Skills:
 * Level 6.1 Fighting
 * Level 9.4 Long Blades
 - Level 1.0 Throwing
 * Level 6.1 Dodging
 + Level 7.3 Stealth
 - Level 4.1 Unarmed Combat
 + Level 3.3 Evocations
 - Level 3.5 Shapeshifting


You had 9 spell levels left.
You didn't know any spells.
Your spell library contained the following spells:

 Spells                   Type           Power      Damage    Failure   Level
 Sandblast                Erth           0%         2d4       34%         1
 Passwall                 Erth           0%         N/A       71%         3
 Stone Arrow              Conj/Erth      0%         3d7       71%         3
 Brom's Barrelling Bould  Conj/Erth      0%         2d3       98%         4
 Fireball                 Conj/Fire      0%         3d3       100%        5
 Iskenderun's Battlesphe  Conj           0%         2d6       100%        5
 Conjure Ball Lightning   Conj/Air       0%         3x3d6     100%        6
 Orb of Destruction       Conj           0%         9d5       100%        7


Dungeon Overview and Level Annotations

Branches:
Dungeon (9/15)             Temple (1/1) D:6             Orc (0/2) D:9
  Sewer (visited)
   Lair: D:8-11

Altars:
Ashenzari
Cheibriados
Dithmenos
Elyvilon
Fedhas
Gozag
Hepliaklqana
Kikubaaqudgha
Makhleb
Nemelex Xobeh
Okawaru
Qazlal
Ru
Sif Muna
Trog
Uskayaw
Vehumet
Wu Jian
Xom
Yredelemnul
Zin
The Shining One

Shops:
D:1 *   D:6 *

Annotations:
D:6 dig


Innate Abilities, Weirdness & Mutations

You are a hulking beast.
Your limbs bulge with bestial killing power. (Slay +2)
You cannot wear most types of armour.
You are amphibious.
You can wear up to eight rings at the same time.
Your skin changes colour to match your surroundings (Stealth+).
Your rubbery body absorbs attacks. (AC +1, EV +1)
((You are camouflaged when in or above water. (Stealth+)))
You have tentacles for arms and can constrict up to eight enemies at once.


Message History

You closely miss the orc wizard. You grab the orc wizard.
You constrict the orc wizard.
The orc wizard points at you and mumbles some strange words.
The magic dart hits you!
You slice the orc wizard!!
You kill the orc wizard!
Unknown command.
You slash the orc!
You kill the orc!
You now have 772 gold pieces (gained 24).
Items here: )))) [[[[.
Items here: )))) [[[[.
You now have 778 gold pieces (gained 6).
You see here a +0 dagger.
HP restored.
Items here: )))) [[[[.
Items here: )))) [[[[.
You see here a +0 dagger.
There is an open door here.
You open the door.
There is an open door here.
The two-headed ogre shouts in stereo!
You completely miss the two-headed ogre.
The two-headed ogre hits you with a +0 dire flail!!
The two-headed ogre hits you with a +0 giant club!!
You slash the two-headed ogre! You drain the two-headed ogre.
You squeeze the two-headed ogre.
The two-headed ogre is moderately wounded.
You hit the two-headed ogre.
The two-headed ogre is moderately wounded.
The two-headed ogre misses you.
The two-headed ogre hits you with a +0 giant club!!
* * * LOW HITPOINT WARNING * * *
You slash the two-headed ogre! You drain the two-headed ogre.
You squeeze the two-headed ogre.
The two-headed ogre is severely wounded.
The two-headed ogre misses you.
The two-headed ogre hits you with a +0 giant club!!
You die...
Your body crumbles into a pile of gold.

#... #.. ... #######.#
#.......#### #......<...#
+.#.###.##.# #O###.# ########
####h....# ##...## #.#.##.#
#.##..##.# ###.....# # #......#
#.##..#..##.##.......
####...##.###...........#........
'.......................+..^.....
####...##.#######....####........
# #..>...# #.#.## #......)
######.# #.### #.....# #####.#
#.# ##...##


You could see a two-headed ogre (drained).

Vanquished Creatures
  A two-headed ogre (D:8)
  A wyvern (D:7)
  A steam dragon (D:8)
  2 black bears
  3 orc warriors
  2 ice beasts (D:5)
  A sky beast (D:7)
  A crocodile (Sewer)
  3 ogres
  A centaur (D:8)
  A phantom (D:4)
  2 kobold brigands
  A bullfrog (D:9)
  5 scorpions
  3 wights (D:8)
  4 killer bees (D:9)
  2 howler monkeys
  7 orc priests
  4 hounds
  2 bombardier beetles
  2 jellies
  A gnoll bouda (D:7)
  A sleepcap (D:8)
  4 iguanas
  6 orc wizards
  4 gnolls (D:7)
  7 adders
  2 river rats (D:6)
  A shadow imp (D:7)
  2 white imps
  4 ufetubi
  5 ribbon worms
  A dart slug (D:2)
  47 orcs
  5 ball pythons
  16 endoplasms
  7 giant cockroaches
  9 goblins
  9 hobgoblins
  4 jackals (D:4)
  6 quokkas
  5 bats
  5 frilled lizards
  20 kobolds
  10 rats
230 creatures vanquished.

Notes
Turn   | Place    | Note
-------+----------+-------------------------------------------
     0 | D:1      | monsoonserge the Octopode Shapeshifter began the quest for
                  | the Orb.
     0 | D:1      | Reached XP level 1. HP: 13/13 MP: 1/1
    56 | D:1      | Reached skill level 1 in Stealth
   118 | D:1      | Reached XP level 2. HP: 18/18 MP: 2/2
   336 | D:1      | Found a faded altar of an unknown god.
   382 | D:1      | Found Ceyly's Assorted Antiques.
   429 | D:1      | Reached XP level 3. HP: 24/24 MP: 3/3
   652 | D:1      | Bought a murky cyan potion for 22 gold pieces
   674 | D:2      | Found a glowing silver altar of Zin.
  1034 | D:2      | Reached XP level 4. HP: 15/29 MP: 4/4
  1486 | D:3      | Identified the +10 long sword "Meurom" {drain, rElec rPois
                  | Int-2 Dex+5}
  1814 | D:1      | Bought a murky pink potion for 22 gold pieces
  1814 | D:1      | Bought an emerald potion for 22 gold pieces
  1814 | D:1      | Bought a scroll labelled YDOCIE LAMU for 25 gold pieces
  1814 | D:1      | Bought a scroll labelled RIUGOK REELOA for 25 gold pieces
  1851 | D:3      | Reached skill level 1 in Long Blades
  1851 | D:3      | Reached XP level 5. HP: 34/34 MP: 5/5
  2222 | D:4      | Reached skill level 2 in Long Blades
  2338 | D:4      | Reached skill level 3 in Long Blades
  2416 | D:4      | Found a shimmering blue altar of Sif Muna.
  2538 | D:4      | Noticed a phantom
  2545 | D:4      | Killed a phantom
  2546 | D:4      | Reached XP level 6. HP: 34/39 MP: 6/6
  2618 | D:4      | Reached skill level 4 in Long Blades
  2912 | D:5      | Entered Level 5 of the Dungeon
  3044 | D:5      | Reached skill level 5 in Long Blades
  3044 | D:5      | Reached XP level 7. HP: 43/45 MP: 7/7
  3166 | D:5      | Reached skill level 6 in Long Blades
  3310 | D:5      | Reached skill level 1 in Evocations
  3455 | D:5      | Reached skill level 1 in Throwing
  3455 | D:5      | Reached XP level 8. HP: 50/51 MP: 8/8
  3688 | D:5      | Reached skill level 7 in Long Blades
  4215 | D:6      | Found a bloodstained altar of Trog.
  4241 | D:6      | Identified the +2 mace "Zytt" {venom, Str+4 SInv}
  4301 | D:6      | Found a glowing drain.
  4314 | Sewer    | Entered a sewer
  4811 | D:6      | Found Gozag's Platinum Reserve.
  4811 | D:6      | Found an opulent altar of Gozag.
  4814 | D:6      | Reached skill level 8 in Long Blades
  4814 | D:6      | Reached XP level 9. HP: 55/58 MP: 9/9
  4837 | D:6      | Became a worshipper of Gozag Ym Sagoz the Greedy
  4852 | D:6      | Found a staircase to the Ecumenical Temple.
  4858 | Temple   | Entered the Ecumenical Temple
  4861 | Temple   | Reached skill level 5 in Stealth
  5319 | D:6      | Noticed a kobold demonologist
  5320 | D:6      | Noticed a hornet
  5611 | D:7      | Found a glowing golden altar of the Shining One.
  5615 | D:7      | Found a snail-covered altar of Cheibriados.
  5621 | D:7      | Found a shadowy altar of Dithmenos.
  5624 | D:7      | Found a glowing silver altar of Zin.
  6475 | D:8      | Reached skill level 5 in Dodging
  6660 | D:8      | Reached skill level 5 in Fighting
  6704 | D:8      | Noticed a two-headed ogre
  6710 | D:8      | Killed a two-headed ogre
  6711 | D:8      | Reached skill level 9 in Long Blades
  6711 | D:8      | Reached XP level 10. HP: 55/67 MP: 10/10
  6753 | D:8      | Found the +5 glaive of the Guard {elec, spectral}
  6952 | D:9      | Noticed a two-headed ogre
  7390 | D:9      | Found a staircase to the Orcish Mines.
  7646 | D:9      | HP: 2/68 [two-headed ogre/+0 dire flail (20)]
  7647 | D:9      | Demolished by a two-headed ogre

Illustrated notes

Levels and vault maps discovered:
D:1:      co_arrival_square_in_a_square_in_a_square, layout_rooms, serial_shops,
          nicolae_shop_crystal, shapermc_ecumenical_altar_hornbeckon,
          minmay_misc_feat_roman, hangedman_decor_growths,
          minmay_misc_feat_alley
D:2:      layout_basic, basic_altar
D:3:      layout_basic, nicolae_underground_beach
D:4:      layout_basic, kennysheep_little_box
D:5:      layout_loops_corners, chequers_decorated_corner, chequers_garden,
          hangedman_decor_clover_reticule
D:6:      layout_loops_cross, bloody_trog, nicolae_gozag_zags_fifth_avenue,
          minmay_temple_entry_nine_rooms, portal_sewer_entry_e,
          lightli_corner_chamber
D:7:      layout_gridville, nicolae_overflow_macrodata_refinement,
          bh_walls_and_bars
D:8:      layout_layer_cave
D:9:      layout_loops_corners, hiddenorc2_lemuel, nicolae_zen_rock_garden,
          uniq_joseph
Temple:   eino_wide_crystal_templ

Skill      XL: |  1  2  3  4  5  6  7  8  9 10 |
---------------+-------------------------------+-----
Stealth        | 1 2 4 6 7 |  7.3
Fighting       | 2 3 5 6 |  6.1
Unarmed Combat | 4 |  4.1
Long Blades    | 1 3 5 6 8 9 |  9.4
Evocations     | 1 2 3 |  3.3
Throwing       | 1 |  1.0
Dodging        | 3 5 6 |  6.1
Shapeshifting  | |  3.5

Action                     |  1- 3 |  4- 6 |  7- 9 | 10-12 || total
---------------------------+-------+-------+-------+-------++-------
  Melee: Unarmed           |    75 |    27 |       |       ||   102
         Tentacles         |    12 |    13 |    29 |    12 ||    66
         Constrict         |    10 |    16 |    33 |    14 ||    73
         Long sword        |       |    59 |   152 |    73 ||   284
         Punch             |       |     2 |     3 |     4 ||     9
  Throw: Dart              |       |       |     2 |       ||     2
   Stab: Sleeping          |    10 |    13 |    18 |     4 ||    45
         Distracted        |       |       |     1 |     3 ||     4
 Armour: Skin              |    27 |    26 |    55 |    18 ||   126
  Dodge: Dodged            |    32 |    38 |    91 |    24 ||   185
